 Dungeon Crawl Stone Soup version 0.24.0-125-gc4c63601f3 (webtiles) character file.

Game seed: 6360482234095471927, levelgen mode: deterministic

203 Glamhuggeren the Chopper (level 5, 0/41 HPs)
             Began as a Demonspawn Fighter on Mar 11, 2020.
             Was an Initiate of Okawaru.
             Engulfed by an orc's freezing vapour (28 damage)
             ... on level 3 of the Dungeon.
             The game lasted 00:10:12 (2802 turns).

Glamhuggeren the Chopper (Demonspawn Fighter)       Turns: 2802, Time: 00:10:13

Health: 0/41       AC:  9    Str: 18    XL:     5   Next: 51%
Magic:  5/5        EV:  7    Int:  9    God:    Okawaru [......]
Gold:   99         SH:  8    Dex: 12    Spells: 4/4 levels left

rFire    . . .     SeeInvis .   a - +0 war axe
rCold    . . .     Gourm    .   c - +0 shield
rNeg     . . .     Faith    .   b - +0 scale mail
rPois    .         Spirit   .   y - +0 helmet
rElec    .         Reflect  .   z - +1 cloak
rCorr    .         Harm     .   (no gloves)
MR       .....                  (no boots)
Stlth    +.........             (no amulet)
HPRegen  0.13/turn              (no ring)
MPRegen  0.09/turn              (no ring)

@: no status effects
A: talons 1, nightstalker 1
a: Renounce Religion


You were on level 3 of the Dungeon.
You worshipped Okawaru.
Okawaru was noncommittal.
You were not hungry.

You visited 1 branch of the dungeon, and saw 3 of its levels.

You collected 99 gold pieces.

Inventory:

Hand Weapons
 a - a +0 war axe (weapon)
Missiles
 e - 89 stones (quivered)
 n - 2 throwing nets
 o - 13 poisoned darts
 t - 2 silver boomerangs
Armour
 b - a +0 scale mail (worn)
 c - a +0 shield (worn)
 j - a scarf of cloud immunity
 y - a +0 helmet (worn)
 z - a +1 cloak (worn)
Jewellery
 p - an uncursed ring of poison resistance
Scrolls
 h - 2 scrolls of fear {unknown}
 k - 4 scrolls of teleportation {unknown}
 l - 2 scrolls of remove curse {unknown}
 m - 3 scrolls of identify {unknown}
 s - a scroll of enchant weapon {unknown}
 x - a scroll of magic mapping {unknown}
 A - a scroll of fog {unknown}
Potions
 d - a potion of berserk rage {unknown}
 g - a potion of magic {unknown}
 i - a potion of curing
 q - 4 potions of flight {unknown}
 r - a potion of haste {unknown}
 u - a potion of brilliance {unknown}
 v - a potion of resistance
 w - a potion of agility {unknown}
Comestibles
 f - 8 rations


   Skills:
 - Level 3.0 Fighting
 * Level 5.3 Axes
 - Level 2.6 Armour
 - Level 2.6 Shields


You had 4 spell levels left.
You didn't know any spells.
Your spell library was empty.

Dungeon Overview and Level Annotations

Branches:
Dungeon (3/15)

Altars:
Ashenzari
Okawaru


Innate Abilities, Weirdness & Mutations

You have sharp toenails.
You are slightly more attuned to the shadows.


Message History

An orc comes into view. It is wielding a +0 dagger.
You see here a stone.
An orc comes into view. It is wielding a +0 hand axe.
The orc shouts!
You hear a shout!
You block the orc's attack.
You barely miss the orc. The orc closely misses you.
An orc comes into view. It is wielding a +0 short sword.
The orc moves out of view.
You closely miss the orc. You claw the orc.
The orc is heavily wounded.
You block the orc's attack.
The orc zaps a wand.
The orc creates a blast of freezing vapour!
You hit the orc. Your kick misses the orc.
The orc is almost dead.
You are engulfed in freezing vapours.
The orc hits you but does no damage.
You completely miss the orc.
The orc is almost dead.
You are engulfed in freezing vapours.
Ouch! That really hurt!
You die...

#...# .....## #...# ......# ###
####### #...# ......# #.........#
#...## ......#####.........#
#....# ......##............#
#....# ......##.#.♣.♣o#....#
#....# ..............oo§...#
#....# ......#..♣)♣.♣.♣@§§.#
##....# †.....##...._...§§§§#
#...#.# ......##.♣.♣.♣.♣.§§§##
#...#.#
......##.....)...§§§.######...#.#
......##.#.♣)♣)#.###...#.........
.................# #.......÷.....
.................###.######...#.#
.................#...######...#.#
...................##.....)..)#.#


You could see 3 orcs.

Vanquished Creatures
  Crazy Yiuf (D:3)
  3 gnolls (D:3)
  4 adders
  3 worms
  5 dart slugs
  2 leopard geckos (D:1)
  2 orcs (D:3)
  6 bats
  4 giant cockroaches
  10 goblins
  10 hobgoblins
  10 jackals
  2 quokkas (D:2)
  A ball python (D:3)
  6 frilled lizards
  7 kobolds
  9 rats
85 creatures vanquished.

Notes
Turn   | Place    | Note
-------+----------+-------------------------------------------
     0 | D:1      | Glamhuggeren the Demonspawn Fighter began the quest for the
                  | Orb.
     0 | D:1      | Reached XP level 1. HP: 18/18 MP: 1/1
    52 | D:1      | Reached skill level 2 in Axes
   127 | D:1      | Gained mutation: You have sharp toenails. [demonic
                  | ancestry]
   127 | D:1      | Reached XP level 2. HP: 7/24 MP: 2/2
   472 | D:1      | Reached skill level 3 in Axes
   692 | D:1      | Gained mutation: You are slightly more attuned to the
                  | shadows. [demonic ancestry]
   692 | D:1      | Reached XP level 3. HP: 29/29 MP: 3/3
  1277 | D:2      | Reached XP level 4. HP: 27/35 MP: 4/4
  1288 | D:2      | Reached skill level 4 in Axes
  1788 | D:2      | Found a shattered altar of Ashenzari.
  1995 | D:3      | Found a runed translucent door.
  1996 | D:3      | Noticed Crazy Yiuf
  2007 | D:3      | Killed Crazy Yiuf
  2326 | D:3      | Reached XP level 5. HP: 39/41 MP: 5/5
  2350 | D:3      | Found an iron altar of Okawaru.
  2360 | D:3      | Became a worshipper of Warmaster Okawaru
  2368 | D:3      | Reached skill level 5 in Axes
  2802 | D:3      | Engulfed by an orc's freezing vapour

Levels and vault maps discovered:
D:1:      minmay_arrival_loop, layout_loops_ring
D:2:      layout_rooms, evilmike_ruin_ashenzari, grunt_ministairs_10,
          minmay_domino_4
D:3:      layout_rooms, okawaru_trees_1, uniq_crazy_yiuf_cottage

Skill      XL: |  1  2  3  4  5 |
---------------+----------------+-----
Axes           | 2 3 4 5 |  5.3
Fighting       | |  3.0
Armour         | |  2.6
Shields        | |  2.6

Action                   |  1- 3 |  4- 6 || total
-------------------------+-------+-------++-------
Melee: War axe           |   111 |   103 ||   214
       Kick              |    24 |    19 ||    43
  Use: Potion            |       |     3 ||     3
  Eat: Chunk             |     1 |     5 ||     6
Armor: Scale mail        |    65 |    49 ||   114
Dodge: Dodged            |    38 |    36 ||    74
Block: Shield            |    62 |    55 ||   117
